 Dungeon Crawl Stone Soup version 0.26.1-2-gb8aa6d0cf2 (webtiles) character file.

Game seed: 17496535491799095494

294 Chiseanne the Skirmisher (level 6, 42/48 HPs)
             Began as a Demonspawn Wanderer on Mar 2, 2021.
             Quit the game on level 4 of the Dungeon.
             The game lasted 00:07:04 (4000 turns).

Chiseanne the Skirmisher (Demonspawn Wanderer)      Turns: 4000, Time: 00:07:05

Health: 42/48      AC: 10    Str: 12    XL:     6   Next: 11%
Magic:  14/16      EV:  9    Int: 18    God:
Gold:   202        SH:  0    Dex: 10    Spells: 7/7 levels left

rFire    . . .     SeeInvis .   a - +2 dagger
rCold    . . .     Faith    .   (no shield)
rNeg     . . .     Spirit   +   l - +0 scale mail
rPois    .         Reflect  .   (helmet restricted)
rElec    .         Harm     .   w - +0 cloak
rCorr    .         Rampage  .   y - +0 pair of gloves
Will     .....                  (no boots)
Stlth    ..........             z - amulet of guardian spirit
HPRegen  0.16/turn              o - ring of magical power
MPRegen  0.15/turn              (no ring)

@: no status effects
A: antennae 1, miasma immunity, sharp scales 2
a: no special abilities


You were on level 4 of the Dungeon.
You visited 1 branch of the dungeon, and saw 4 of its levels.

You collected 202 gold pieces.

Inventory:

Hand Weapons
 a - a +2 dagger (weapon)
 e - a +0 dagger
 f - a +0 flail
 s - a +0 vorpal glaive
Missiles
 d - 7 poisoned darts (quivered)
 i - 126 stones
 m - 70 sling bullets
 v - 5 atropa-tipped darts
Armour
 j - a +0 leather armour
 l - a +0 scale mail (worn)
 w - a +0 cloak (worn)
 y - a +0 pair of gloves (worn)
Jewellery
 o - a ring of magical power (left hand)
 p - an uncursed amulet of faith
 u - an uncursed ring of ice
 z - an amulet of guardian spirit (around neck)
Scrolls
 k - 2 scrolls of blinking
 n - 2 scrolls of remove curse
 q - a scroll of magic mapping
 x - a scroll of teleportation
Potions
 b - 2 potions of haste
 c - 2 potions of curing
 g - a potion of magic
 h - 2 potions of brilliance
 r - a potion of flight
 t - a potion of heal wounds


   Skills:
 * Level 3.7 Fighting
 - Level 1.7 Long Blades
 - Level 1.0 Throwing
 * Level 2.7 Armour
 * Level 3.0 Dodging
 - Level 1.7 Stealth
 - Level 1.0 Shields
 - Level 1.0 Spellcasting
 - Level 2.0 Hexes


You had 7 spell levels left.
You didn't know any spells.
Your spell library was empty.

Dungeon Overview and Level Annotations

Branches:
Dungeon (4/15)             Temple (0/1) D:4

Altars:
Makhleb
Qazlal


Innate Abilities, Weirdness & Mutations

You have a pair of small antennae on your head.
You are immune to miasma.
You are mostly covered in razor-sharp scales. (AC +2, Slay +2)


Message History

The centaur barely misses you. The centaur closely misses you.
You barely miss the centaur.
The centaur is almost dead.
The centaur hits you but does no damage.
You closely miss the centaur.
The centaur is almost dead.
The centaur hits you.
You hit the centaur.
The centaur is almost dead.
The centaur hits you but does no damage.
The centaur barely misses you.
You hit the centaur.
You kill the centaur!
Your Dodging skill increases to level 3!
You have reached level 6!
Your experience leads to an increase in your attributes!
Increase (s)trength, (i)ntelligence, or (d)exterity?
You feel clever.
Your demonic ancestry asserts itself...
A pair of antennae grows on your head!
Are you sure you want to abandon this character and quit the game? (Confirm with "yes".)

#. #. #.# #. #.#######
#. #.#.....# #.
#.#.....#### # #.
#.#.........
#...##)######.#.........
.......@.....>#.........
.
#...####..............<.
.##.#
#....####.#####.....
...# #.#.......# #.....
#..# #.#.####### #.....
#^.# #......#
######..... #..#
###.##.# #..........
#..#####.##.#
#..........
#.........#.#
#......####


There were no monsters in sight!

Vanquished Creatures
  A centaur (D:4)
  A scorpion (D:4)
  A hound (D:2)
  4 gnolls
  2 adders
  An ooze (D:3)
  A worm (D:3)
  A dart slug (D:1)
  2 leopard geckos
  4 ball pythons
  2 giant cockroaches (D:1)
  7 goblins
  8 hobgoblins
  9 jackals
  6 kobolds
  2 quokkas
  8 bats
  3 frilled lizards (D:1)
  4 rats
67 creatures vanquished.

Vanquished Creatures (others)
  2 jackals (D:4)
2 creatures vanquished.

Grand Total: 69 creatures vanquished

Notes
Turn   | Place    | Note
-------+----------+-------------------------------------------
     0 | D:1      | Chiseanne the Demonspawn Wanderer began the quest for the
                  | Orb.
     0 | D:1      | Chiseanne set off with the following items: a +2 dagger, a
                  | potion of haste, a potion of curing, 13 poisoned darts, a
                  | +0 dagger, a +0 robe
     0 | D:1      | Reached XP level 1. HP: 15/15 MP: 2/2
   415 | D:1      | Gained mutation: You are partially covered in razor-sharp
                  | scales. (AC +1, Slay +1) [demonic ancestry]
   415 | D:1      | Reached XP level 2. HP: 21/21 MP: 3/3
   421 | D:1      | Reached skill level 1 in Dodging
  1139 | D:1      | Reached XP level 3. HP: 27/27 MP: 4/4
  1544 | D:2      | Found a stormy altar of Qazlal.
  1566 | D:1      | Reached skill level 1 in Armour
  1828 | D:1      | Gained mutation: You are mostly covered in razor-sharp
                  | scales. (AC +2, Slay +2) [demonic ancestry]
  1828 | D:1      | Reached XP level 4. HP: 29/34 MP: 5/5
  2574 | D:2      | Found a burning altar of Makhleb.
  2839 | D:3      | Gained mutation: You are immune to miasma. [demonic
                  | ancestry]
  2839 | D:3      | Reached XP level 5. HP: 41/41 MP: 6/6
  3936 | D:4      | Found a staircase to the Ecumenical Temple.
  3985 | D:4      | Noticed a centaur
  3999 | D:4      | Killed a centaur
  4000 | D:4      | Gained mutation: You have a pair of small antennae on your
                  | head. [demonic ancestry]
  4000 | D:4      | Reached XP level 6. HP: 42/48 MP: 7/7
  4000 | D:4      | Quit the game

Illustrated notes

Levels and vault maps discovered:
D:1:      amcnicky_arrival_feature_with_door, layout_basic
D:2:      layout_rooms, nicolae_overflow_crystal_walls,
          makhleb_blood_cavern_becter
D:3:      layout_rooms
D:4:      layout_basic, fiery_altar_vehumet, minmay_temple_entry_gardened_gates,
          uniq_duvessa

Skill      XL: |  1  2  3  4  5 |
---------------+----------------+-----
Dodging        | 1 2 3 |  3.0
Fighting       | 2 3 |  3.7
Armour         | 1 2 |  2.7
Long Blades    | |  1.7
Throwing       | |  1.0
Stealth        | |  1.7
Shields        | |  1.0
Spellcasting   | |  1.0
Hexes          | |  2.0

Action                   |  1- 3 |  4- 6 || total
-------------------------+-------+-------++-------
Melee: Dagger            |    85 |   131 ||   216
Throw: Dart              |    87 |    10 ||    97
       Stone             |     1 |       ||     1
  Use: Scroll            |     3 |     9 ||    12
Armor: Robe              |     9 |       ||     9
       Leather armour    |     6 |       ||     6
       Scale mail        |    23 |    59 ||    82
Dodge: Dodged            |    55 |    69 ||   124
